 Dungeon Crawl Stone Soup version 0.27.0-1-g7a089689b8 (webtiles) character file.

Game seed: 14137594508840551082

7756 Conn the Thaumaturge (level 11, -4/65 HPs)
             Began as an Octopode Fire Elementalist on Aug 15, 2021.
             Was a Believer of Sif Muna.
             Shot with an arrow by a centaur warrior (20 damage)
             ... on level 2 of the Orcish Mines.
             The game lasted 00:42:49 (13334 turns).

Conn the Thaumaturge (Octopode Fire Elementalist)  Turns: 13334, Time: 00:42:50

Health: -4/65      AC:  1    Str: 13    XL:     11   Next: 20%
Magic:  6/32       EV: 14    Int: 21    God:    Sif Muna [**....]
Gold:   677        SH:  0    Dex: 15    Spells: 11/27 levels left

rFire    + + .     SeeInvis .   j - +3 dagger (distort)
rCold    . . .     Faith    .   (no shield)
rNeg     + . .     Spirit   .   (helmet restricted)
rPois    +         Reflect  .   r - amulet of magic regeneration
rElec    +         Harm     .   y - ring "Emaek" {Str+6 Slay+3}
rCorr    +         Rampage  .   c - ring of positive energy
Will     .....                  F - ring of protection from fire
Stlth    ++++......             G - ring "Taurph" {rElec rPois rCorr MP+9 Dex+2}
HPRegen  0.20/turn              H - ring of protection from fire
MPRegen  0.48/turn              (no ring)
                                (no ring)
                                (no ring)

@: about to teleport
A: almost no armour, amphibious, 8 rings, camouflage 1, gelatinous body 1,
(nimble swimmer 1), tentacles
a: Renounce Religion, Channel Magic


You were on level 2 of the Orcish Mines.
You worshipped Sif Muna.
Sif Muna was pleased with you.
You visited 2 branches of the dungeon, and saw 11 of its levels.
You also visited: Sewer.

You collected 677 gold pieces.

Inventory:

Hand Weapons
 b - a +0 short sword
 j - a +3 dagger of distortion (weapon)
 w - a +2 dagger of electrocution
Missiles
 f - 12 poisoned darts
 m - 8 silver javelins
Jewellery
 c - a ring of positive energy (right tentacle)
 r - an amulet of magic regeneration (around mantle)
 y - the ring "Emaek" (left tentacle) {Str+6 Slay+3}
   (You found it on level 4 of the Dungeon)

   [ring of strength]

   Str:       It affects your strength (+6).
   Slay:      It affects your accuracy & damage with ranged weapons and melee
   (+3).
 D - an amulet of regeneration
 F - a ring of protection from fire (on tentacle)
 G - the ring "Taurph" (on tentacle) {rElec rPois rCorr MP+9 Dex+2}
   (You found it on level 9 of the Dungeon)

   [ring of poison resistance]

   Dex:       It affects your dexterity (+2).
   rElec:     It insulates you from electricity.
   rPois:     It protects you from poison.
   MP:        It affects your magic capacity (+9).
   rCorr:     It protects you from acid and corrosion.
 H - a ring of protection from fire (on tentacle)
Wands
 a - a wand of polymorph (4)
 o - a wand of flame (49)
Scrolls
 g - 3 scrolls of teleportation
 i - a scroll of silence {unknown}
 k - 3 scrolls of noise
 l - a scroll of summoning {unknown}
 p - a scroll of vulnerability
 s - 2 scrolls of magic mapping
 v - a scroll of fog {unknown}
 B - a scroll of enchant armour
 C - a scroll of torment
 E - a scroll of amnesia {unknown}
Potions
 h - a potion of magic
 q - 2 potions of attraction
 t - a potion of brilliance
 u - a potion of berserk rage
 x - a potion of haste
 z - a potion of mutation
 A - 2 potions of flight


   Skills:
 + Level 2.5 Fighting
 + Level 3.4 Short Blades
 + Level 4.1 Dodging
 + Level 6.8 Stealth
 + Level 8.6 Spellcasting
 + Level 7.7 Conjurations
 + Level 8.4 Fire Magic
 * Level 5.8 Invocations
 + Level 1.2 Evocations


You had 11 spell levels left.
You knew the following spells:

 Your Spells              Type           Power      Damage    Failure   Level
a - Foxfire               Conj/Fire      100%       2x1d9     1%          1
b - Conjure Flame         Conj/Fire      43%        6-21      1%          3
c - Inner Flame           Hex/Fire       26%        N/A       4%          3
d - Sticky Flame          Conj/Fire      43%        2d6       2%          4
e - Fireball              Conj/Fire      21%        3d10      8%          5

Your spell library contained the following spells:

 Spells                   Type           Power      Damage    Failure   Level
 Passwall                 Tmut/Erth      7%         N/A       12%         2
 Gell's Gravitas          Tloc           4%         N/A       22%         3
 Lesser Beckoning         Tloc           4%         N/A       22%         3
 Swiftness                Air            9%         N/A       22%         3
 Teleport Other           Tloc           9%         N/A       22%         3
 Invisibility             Hex            4%         N/A       100%        6
 Malign Gateway           Summ/Tloc      4%         N/A       100%        7
 Summon Horrible Things   Summ           4%         N/A       100%        8


Dungeon Overview and Level Annotations

Branches:
Dungeon (9/15)             Temple (0/1) D:7             Orc (2/2) D:9
    Elf (0/3) Orc:2         Sewer (visited)
   Lair: D:8-11

Altars:
Fedhas
Hepliaklqana
Makhleb
Nemelex Xobeh
Qazlal
Ru
Sif Muna
Vehumet
Xom

Shops:
D:2 [   D:3 ?   D:5 (

Annotations:
Abyss:1 Duvessa


Innate Abilities, Weirdness & Mutations

You cannot wear most types of armour.
You are amphibious.
You can wear up to eight rings at the same time.
Your skin changes colour to match your surroundings (Stealth+).
Your rubbery body absorbs attacks. (AC +1, EV +1)
((You are camouflaged near water. (Stealth+)))
You have tentacles for arms and can constrict up to eight enemies at once.


Message History

Press: ? - help, Shift-Dir - straight line, f/p - ogre
Aim: an ogre, wielding a +0 giant club (heavily wounded)
The fireball explodes!
The fireball engulfs the ogre!!
You kill the ogre!
Sif Muna accepts your kill.
You hear a shout! x2
Casting: Fireball (dangerous; 8% risk of failure)
Confirm with . or Enter, or press ? or * to list all spells.
Aiming: Fireball (dangerous; 8% risk of failure)
Press: ? - help, Shift-Dir - straight line, f - orc priest
Aim: an orc priest, wielding a +0 whip The fireball explodes!
The fireball engulfs the orc priest!
The orc priest is severely wounded.
The fireball engulfs the orc priest!
You kill the orc priest!
Sif Muna accepts your kill.
You hear a shout! x2
An orc warrior comes into view. It is wielding a +2 vorpal mace.
Casting: Fireball (dangerous; 8% risk of failure)
Confirm with . or Enter, or press ? or * to list all spells.
You conjure some foxfire!
The orc priest looks encouraged for a moment.
Unknown command.
Casting: Foxfire (safe; 1% risk of failure)
Confirm with . or Enter, or press ? or * to list all spells.
You conjure some foxfire!
The foxfire hits the orc priest.
The orc priest is severely wounded.
The foxfire hits the orc priest.
The orc priest is almost dead.
Unknown command.
Okay, then.
As you read the scroll of teleportation, it crumbles to dust.
You feel strangely unstable.
The foxfire hits the orc priest.
You kill the orc priest!
Sif Muna accepts your kill.
The foxfire hits the orc warrior.
The orc warrior is lightly wounded.
The centaur warrior wields a +0 shortbow.
The centaur warrior shoots an arrow.
The arrow hits you!!
You die...

########### ######
.#....#.#.###.#§@##
...........#..§.§§#
O..........#.§)§..#
...........#.)....#
......O....o......#
...........)......#
..................#
.........co......##
.................$#


You could see a centaur warrior, an orc warrior and an orc.

Vanquished Creatures
  3 two-headed ogres
  A manticore (D:7)
  3 trolls
  A wraith (D:9)
  A wyvern (D:9)
  A vampire (D:9)
  3 yaks (D:9)
  Eustachio (D:5)
  Menkaure (D:6)
  Edmund (D:6)
  A water moccasin (D:4)
  2 orc warriors
  3 ice beasts
  A sky beast (D:7)
  4 ogres
  A black bear (D:7)
  2 necrophages
  2 phantoms
  2 centaurs (D:9)
  3 bullfrogs
  3 scorpions
  A wyvern zombie (D:8)
  Dowan (D:5)
  2 troll zombies (D:9)
  4 wights (D:9)
  A centaur zombie (D:8)
  2 bullfrog zombies (D:5)
  A jelly (D:6)
  6 hounds
  A bullfrog skeleton (D:6)
  5 orc priests
  Crazy Yiuf (D:5)
  2 iguanas (D:5)
  Ijyb (D:3)
  3 orc wizards
  6 ogre zombies (D:9)
  A hound skeleton (D:7)
  Robin (D:4)
  A howler monkey zombie (D:9)
  5 gnolls
  9 adders
  2 white imps
  2 ufetubi
  2 worms (D:2)
  An adder skeleton (D:5)
  20 orcs
  16 ball pythons
  6 bats
  18 endoplasms
  13 giant cockroaches
  11 goblins
  11 hobgoblins
  11 jackals
  9 quokkas
  16 frilled lizards (Sewer)
  2 goblin skeletons (D:9)
  3 goblin zombies (D:9)
  3 hobgoblin skeletons (D:9)
  2 hobgoblin zombies (D:9)
  7 kobolds
  3 orc skeletons (D:9)
  11 orc zombies (D:9)
  A quokka skeleton (D:4)
  4 rats
268 creatures vanquished.

Vanquished Creatures (others)
  Sigmund (D:5)
  880 foxfires
881 creatures vanquished.

Grand Total: 1149 creatures vanquished

Notes
Turn   | Place    | Note
-------+----------+-------------------------------------------
     0 | D:1      | Conn the Octopode Fire Elementalist began the quest for the
                  | Orb.
     0 | D:1      | Reached XP level 1. HP: 11/11 MP: 3/3
   465 | D:1      | Reached XP level 2. HP: 17/17 MP: 0/5
  1240 | D:2      | Found Sasuralu's Antique Armour Emporium.
  1252 | D:2      | Reached XP level 3. HP: 21/21 MP: 2/6
  1256 | D:2      | Learned a level 3 spell: Conjure Flame
  1956 | D:2      | Found a faded altar of an unknown god.
  2238 | D:2      | Found a radiant altar of Vehumet.
  2811 | D:3      | Found Pipnaxto's Magic Scroll Emporium.
  2813 | D:3      | Noticed Ijyb
  2822 | D:3      | Killed Ijyb
  2823 | D:3      | Reached XP level 4. HP: 15/27 MP: 1/7
  3047 | D:3      | Found a glowing drain.
  3092 | Sewer    | Entered a sewer
  3110 | Sewer    | Reached XP level 5. HP: 32/32 MP: 7/9
  3669 | Sewer    | Reached XP level 6. HP: 37/37 MP: 5/11
  4360 | D:3      | Reached skill level 1 in Short Blades
  4887 | D:3      | Learned a level 3 spell: Inner Flame
  4892 | D:3      | Learned a level 4 spell: Sticky Flame
  5091 | D:4      | Reached skill level 1 in Fighting
  5091 | D:4      | Reached XP level 7. HP: 43/43 MP: 8/13
  5133 | D:4      | Noticed Robin
  5157 | D:4      | Killed Robin
  5605 | D:4      | Identified the ring "Emaek" {Str+6 Slay+3}
  6203 | D:5      | Entered Level 5 of the Dungeon
  6271 | D:5      | Found a runed translucent door.
  6272 | D:5      | Noticed Crazy Yiuf
  6289 | D:5      | Killed Crazy Yiuf
  6367 | D:5      | You fall into a shaft and drop 2 floors!
  6391 | D:6      | Noticed Maggie
  6391 | D:6      | Noticed Menkaure
  6518 | D:6      | Reached skill level 5 in Fire Magic
  6518 | D:6      | Reached XP level 8. HP: 48/48 MP: 9/15
  6603 | D:5      | Noticed Dowan
  6604 | D:5      | Noticed Sigmund
  6607 | D:5      | Noticed Duvessa
  6628 | D:5      | Killed Sigmund
  6629 | D:5      | Reached skill level 5 in Stealth
  6780 | D:5      | Reached skill level 5 in Spellcasting
  6868 | D:5      | Found a radiant altar of Vehumet.
  6869 | D:5      | Found a sacrificial altar of Ru.
  6869 | D:5      | Found a blossoming altar of Fedhas.
  6939 | D:5      | Found a stormy altar of Qazlal.
  7079 | D:5      | Found Beukip's Weapon Boutique.
  7235 | D:5      | Noticed Eustachio
  7242 | D:5      | Killed Eustachio
  7264 | D:5      | Found a shimmering blue altar of Sif Muna.
  7264 | D:5      | Found a shimmering altar of Xom.
  7269 | D:5      | Found a faded altar of an unknown god.
  7272 | D:5      | Became a worshipper of Sif Muna the Loreminder
  7275 | D:5      | Found a hazy altar of Hepliaklqana.
  7277 | D:5      | Found a faded altar of an unknown god.
  7529 | D:5      | Killed Dowan
  7544 | D:5      | Banished Duvessa
  7545 | D:5      | Reached skill level 5 in Conjurations
  7545 | D:5      | Reached XP level 9. HP: 7/53 MP: 14/18
  8041 | D:6      | Learned a level 5 spell: Fireball
  8061 | D:6      | Killed Menkaure
  8267 | D:6      | Noticed Edmund
  8286 | D:6      | Killed Edmund
  8662 | D:6      | Noticed Maggie
  8662 | D:6      | Maggie changed into Maggie the ice beast
  8669 | D:6      | Killed Maggie the ice beast
  8948 | D:7      | Found a staircase to the Ecumenical Temple.
  9193 | D:7      | Found a burning altar of Makhleb.
  9200 | D:7      | Reached skill level 1 in Invocations
  9738 | D:7      | Noticed a two-headed ogre
  9749 | D:7      | Killed a two-headed ogre
  9750 | D:7      | Reached skill level 1 in Evocations
  9928 | D:7      | Reached XP level 10. HP: 60/60 MP: 16/20
 10015 | D:7      | Noticed a manticore
 10022 | D:7      | Killed a manticore
 10209 | D:8      | Found a sparkling altar of Nemelex Xobeh.
 10288 | D:8      | Noticed a cyclops
 10765 | D:9      | Noticed a two-headed ogre
 11087 | D:9      | Reached * piety under Sif Muna
 11464 | D:9      | Killed a two-headed ogre
 11516 | D:9      | Identified the ring "Taurph" {rElec rPois rCorr MP+9 Dex+2}
 11564 | D:9      | Found a staircase to the Orcish Mines.
 12090 | D:9      | Reached ** piety under Sif Muna
 12405 | D:9      | Reached skill level 5 in Invocations
 12855 | Orc:1    | Entered Level 1 of the Orcish Mines
 12863 | Orc:1    | Reached XP level 11. HP: 65/65 MP: 23/23
 13139 | Orc:2    | Entered Level 2 of the Orcish Mines
 13232 | Orc:2    | Found a staircase to the Elven Halls.
 13256 | Orc:2    | Noticed a centaur warrior
 13272 | Orc:2    | Noticed a two-headed ogre
 13277 | Orc:2    | Noticed an orc knight
 13317 | Orc:2    | Killed a two-headed ogre
 13334 | Orc:2    | Shot with an arrow by a centaur warrior

Illustrated notes

Levels and vault maps discovered:
D:1:      dpeg_arrival_boxorama, layout_basic, serial_bayou_crossing
D:2:      layout_basic, basic_ecumenical_altar, serial_shops,
          nicolae_square_shop, basic_altar, kennysheep_potato
D:3:      layout_basic, serial_shops, shop_scrolls,
          cheibrodos_sewer_entry_drain, uniq_ijyb
D:4:      layout_loops_corners, serial_forest, infiniplex_forest_straight_2,
          infiniplex_forest_lined_room_2, infiniplex_forest_end_1,
          infiniplex_forest_fountain, infiniplex_forest_zigzag_1, uniq_robin
D:5:      layout_loops_corners, chequers_temple_overflow_minitemple,
          nicolae_overflow_quartered_altars, serial_shops, shop,
          uniq_crazy_yiuf_cottage, uniq_sigmund, uniq_eustachio, uniq_duvessa
D:6:      layout_basic, uniq_maggie, uniq_edmund, uniq_menkaure
D:7:      layout_gridville, makhleb_blood_cavern_becter,
          minmay_temple_entry_statues_pillars
D:8:      layout_basic, nemelex_xobeh_ov_fountains_minmay
D:9:      layout_roguey, zombieorc2_lemuel, serial_curves, eino_curves_04,
          eino_curves_01, eino_curves_02, eino_curves_02
Orc:1:    layout_caves
Orc:2:    st_orc_rangers, layout_diamond_mine, uniq_saint_roka

Skill      XL: |  1  2  3  4  5  6  7  8  9 10 |
---------------+-------------------------------+-----
Stealth        | 3 4 5 6 |  6.8
Conjurations   | 2 3 5 6 7 |  7.7
Spellcasting   | 3 4 6 7 8 |  8.6
Fire Magic     | 4 5 6 8 |  8.4
Short Blades   | 1 3 |  3.4
Fighting       | 1 2 |  2.5
Dodging        | 3 4 |  4.1
Invocations    | 3 5 |  5.8
Evocations     | 1 |  1.2

Action                   |  1- 3 |  4- 6 |  7- 9 | 10-12 || total
-------------------------+-------+-------+-------+-------++-------
Melee: Short sword       |     9 |       |       |       ||     9
       Dagger            |     9 |    30 |    64 |    22 ||   125
       Tentacles         |     5 |     3 |     7 |     3 ||    18
       Constrict         |     4 |     7 |    18 |     2 ||    31
 Cast: Foxfire           |    60 |   126 |   152 |   167 ||   505
       Conjure Flame     |       |     2 |     6 |     7 ||    15
       Sticky Flame      |       |       |    10 |     9 ||    19
       Fireball          |       |       |     1 |    19 ||    20
       Inner Flame       |       |       |       |     1 ||     1
Evoke: Wand              |       |       |     4 |       ||     4
  Use: Scroll            |       |       |     8 |    12 ||    20
       Potion            |       |       |     6 |     1 ||     7
 Stab: Sleeping          |       |     4 |     6 |     1 ||    11
       Distracted        |       |       |       |     1 ||     1
Armor: Skin              |       |     5 |     4 |       ||     9
Dodge: Dodged            |     7 |    53 |    34 |    18 ||   112
